 Dungeon Crawl Stone Soup version 0.21.1-1-g345015f (webtiles) character file.

216259 Mesmaeker13 the Warrior (level 18, 0/168 HPs)
             Began as a Purple Draconian Skald on Apr 28, 2018.
             Was a High Priest of Ashenzari.
             Slain by a merfolk impaler
             ... wielding a +3 demon trident of freezing
              (4 damage)
             ... on level 4 of the Shoals on Apr 29, 2018.
             The game lasted 02:19:14 (56288 turns).

Mesmaeker13 the Warrior (Purple Draconian Skald)   Turns: 56288, Time: 02:19:15

Health: 0/168      AC: 15    Str: 14    XL:     18   Next: 35%
Magic:  25/26      EV: 23    Int: 14    God:    Ashenzari [*****.]
Gold:   1583       SH: 16    Dex: 19    Spells: 7/31 levels left

rFire    + . .     SeeInvis +   l - +6 double sword of Fate {vamp, rElec Str-5 Dex+2 Stlth+}
rCold    + . .     Gourm    +   G - +2 shield (curse)
rNeg     . . .     Faith    .   (armour unavailable)
rPois    +         Spirit   .   (helmet restricted)
rElec    +         Reflect  .   g - scarf {repulsion}
rCorr    +         Harm     .   y - +2 pair of gloves (curse)
MR       +++..     Clarity  +   z - +1 pair of boots (curse)
Stlth    +++.......             U - amulet "Owiad" {Gourm rElec Dex+4} (curse)
HPRegen  0.38/turn              E - ring of protection from magic
MPRegen  0.20/turn              f - ring of poison resistance

@: resistant, repel missiles
A: breathe power, unfitting armour, agile 1, clarity, dopey 1, low mp 1,
cold-blooded, AC +10
}: 1/15 runes: serpentine
a: Breathe Dispelling Energy, Curse Item, Scrying, Transfer Knowledge, Renounce
Religion


You were on level 4 of the Shoals.
You worshipped Ashenzari.
Ashenzari was extremely pleased with you.
You were very full.

You visited 6 branches of the dungeon, and saw 32 of its levels.
You also visited: Labyrinth.

You collected 3302 gold pieces.
You spent 1719 gold pieces at shops.

Inventory:

Hand Weapons
 a - a +3 scimitar of flaming
 l - the +6 double sword of Fate (weapon) {vamp, rElec Str-5 Dex+2 Stlth+}
   (You acquired it on level 9 of the Dungeon)

   It inflicts no extra harm, but heals its wielder when it wounds a living foe.
   It affects your strength (-5).
   It affects your dexterity (+2).
   It insulates you from electricity.
   It makes you more stealthy.
Missiles
 k - 13 javelins (quivered)
 v - 11 throwing nets
Armour
 g - a scarf of repulsion (worn)
 y - a cursed +2 pair of gloves (worn)
 z - a cursed +1 pair of boots (worn)
 G - a cursed +2 shield (worn)
Jewellery
 f - a ring of poison resistance (right hand)
 E - a ring of protection from magic (left hand)
 M - an uncursed ring of protection from magic
 U - the cursed amulet "Owiad" (around neck) {Gourm rElec Dex+4}
   (You acquired it on level 3 of the Snake Pit)

   [amulet of the gourmand]

   It allows you to eat raw meat even when not hungry.
   It affects your dexterity (+4).
   It insulates you from electricity.
   It has a curse placed upon it.
Wands
 R - a wand of digging (16)
Scrolls
 d - a scroll of silence
 e - a scroll of teleportation
 h - a scroll of remove curse
 n - a scroll of summoning
 o - 3 scrolls of fog
 A - a scroll of magic mapping
 B - 7 scrolls of identify
 C - 2 scrolls of enchant armour
 D - 3 scrolls of blinking
Potions
 i - 2 potions of might
 j - 2 potions of invisibility
 q - 6 potions of brilliance
 r - 5 potions of flight
 u - 2 potions of mutation
 w - 2 potions of magic
 H - a potion of cancellation
 K - 2 potions of resistance
 N - 2 potions of agility
 O - 6 potions of curing
 Q - 3 potions of haste
Miscellaneous
 m - a fan of gales
Comestibles
 c - 30 rations


   Skills:
 + Level 16.5 Fighting
 + Level 15.8 Long Blades
 - Level 3.3 Throwing
 + Level 13.0 Dodging
 - Level 12.6(15.0) Shields
 - Level 7.3 Spellcasting
 - Level 7.0 Hexes
 - Level 10.3 Charms
 + Level 2.8 Summonings
 - Level 10.0 Necromancy
 - Level 5.0 Translocations
 - Level 3.8 Air Magic


You had 7 spell levels left.
You knew the following spells:

 Your Spells              Type           Power        Failure   Level  Hunger
a - Tukima's Dance        Hex            ###.....     2%          3    ##.....
b - Song of Slaying       Chrm           ####....     1%          2    None
c - Spectral Weapon       Hex/Chrm       ####....     1%          3    ##.....
d - Shroud of Golubria    Chrm/Tloc      ####......   1%          2    None
e - Confuse               Hex            ###.....     2%          3    ##.....
f - Regeneration          Chrm/Necr      ####......   1%          3    ##.....
g - Summon Lightning Spi  Summ/Air       ##......     34%         4    ####...
h - Animate Dead          Necr           N/A          2%          4    ####...


Dungeon Overview and Level Annotations

Branches:
Dungeon (15/15)            Temple (1/1) D:7            Lair (6/6) D:8
 Shoals (4/4) Lair:3        Snake (4/4) Lair:3        Slime (0/5) Lair:6
    Orc (2/2) D:12            Elf (0/3) Orc:2        Vaults (0/5) D:13
 Depths (0/5) D:15

Altars:
Ashenzari
Cheibriados
Dithmenos
Elyvilon
Fedhas
Gozag
Hepliaklqana
Kikubaaqudgha
Makhleb
Nemelex Xobeh
Okawaru
Qazlal
Ru
Sif Muna
Trog
Uskayaw
Vehumet
Wu Jian
Xom
Yredelemnul
Zin
The Shining One

Shops:
D:5 [   D:9 :[%?   D:14 *   Orc:2 ([*:   Shoals:2 %   Snake:4 =}=[

Annotations:
D:2 Grinder
D:15 exclusion: Roxanne, Roxanne
Shoals:1 exclusion: 2 oklob plants
Orc:1 1 transporter


Innate Abilities, Weirdness & Mutations

You can breathe bolts of dispelling energy.
Your rich purple scales are hard. (AC +10)
You cannot fit into any form of body armour.
You are cold-blooded and may be slowed by cold attacks.
You are agile. (Dex +2)
You possess an exceptional clarity of mind.
You are dopey. (Int -2)
Your magical capacity is low. (-10% MP)


Message History

The manticore dies!
The merfolk impaler hits you but does no damage.
The merfolk impaler hits your merfolk zombie from afar with a trident of freezing!
The merfolk impaler hits you from afar with a demon trident of freezing!!
* * * LOW HITPOINT WARNING * * *
The merfolk impaler freezes you.
* * * LOW HITPOINT WARNING * * *
You see here a manticore corpse.
The merfolk impaler hits your merfolk zombie from afar with a trident of freezing!!
The merfolk impaler freezes your merfolk zombie.
Your merfolk zombie hits the merfolk impaler from afar with an uncursed trident!
The merfolk impaler hits your merfolk zombie from afar with a trident of freezing!!
Your merfolk zombie is destroyed!
You see here an uncursed spear.
You see here an uncursed halberd.
There is a stone staircase leading up here.
The merfolk impaler hits you from afar with a demon trident of freezing!!
* * * LOW HITPOINT WARNING * * *
The merfolk impaler freezes you.
You die...

≈,*,*,**≈,,,***≈,∆≈≈*##....≈≈≈≈≈≈
≈,,≈,,,*#...***≈*,*,≈#≈≈...≈≈≈≈≈≈
*,*,*,,*#..≈**≈≈{≈{,,#≈≈...≈≈≈≈≈≈
,≈,,,≈,*#..≈##*≈,*≈≈###≈.....≈≈≈≈
,≈*,*,*##.≈≈≈≈****###≈≈≈.........
,,≈≈,,,#≈≈≈≈≈≈#####≈#≈≈≈.........
*,***,,#.≈≈≈≈≈≈≈≈≈...≈≈)†..).....
*** ***≈.≈≈≈≈≈≈..........).......
≈****,*≈≈≈≈≈≈≈≈.@.m))..).........
,≈,,,,≈≈≈≈≈≈≈≈....m..............
≈,,,,≈≈≈≈≈≈≈≈≈....m..##≈#.##.....
,,,,≈≈≈≈≈≈≈≈≈≈.......#######.....
,,,,,,≈≈≈≈≈≈≈≈.....≈##{,{≈,.#....
,,,,,,,≈≈≈≈≈≈≈.....##,,,≈,..#≈...
,,,,,,,.≈≈≈≈≈≈.....#*≈,*,*.≈#....
,,,,,,,.≈≈≈≈≈≈≈.....*,≈,∆.≈≈##...
,,,,,,,,≈≈≈≈≈≈≈...?##*,*,#.#*,...


You could see 2 merfolk impalers and a merfolk aquamancer (wandering).

Vanquished Creatures
  Rupert (Orc:2)
  A kraken (Shoals:1)
  Kirke (Lair:6)
  6 nagarajas (Snake:4)
  An orc warlord (Orc:1)
  Aizul (Snake:1)
  2 stone giants
  Nessos (Orc:2)
  The ghost of vatarom the Transmogrifier, a journeyman DrTm of Makhleb (Lair:6)
  Azrael (Orc:2)
  8 merfolk impalers
  Josephine (Lair:4)
  Erolcha (D:13)
  A minotaur (Lab)
  5 hydras
  2 ogre magi (D:15)
  Harold (D:11)
  10 naga warriors
  2 ice dragons (D:15)
  2 merfolk aquamancers
  11 anacondas
  Erica (Lair:2)
  A merfolk avatar (Shoals:1)
  2 centaur warriors
  17 two-headed ogres
  A death yak (Lair:4)
  A queen ant (Lair:3)
  7 naga sharpshooters
  A tengu warrior (D:14)
  5 orc high priests (Orc:2)
  9 shock serpents
  Urug (Lair:2)
  Nergalle (D:11)
  A fire crab (D:15)
  A deep elf knight (D:13)
  5 salamander mystics
  An unseen horror (D:12)
  4 sea snakes
  9 naga ritualists
  Pikel (D:7)
  A wizard (D:15)
  A harpy (Shoals:4)
  6 orc knights
  4 lindwurms (Snake:4)
  5 deep elf magi
  6 salamanders
  9 ugly things
  17 mana vipers
  A faun (Shoals:1)
  4 orc sorcerers
  An oklob plant (Lair:2)
  4 elephants (Lair:6)
  8 merfolk sirens
  5 cyclopes
  45 black mambas
  5 manticores
  Psyche (D:9)
  5 centaur zombies
  7 water nymphs
  19 naga magi
  10 guardian serpents
  3 gargoyles
  Joseph (D:9)
  28 spiny frogs
  2 torpor snails
  2 efreet (D:15)
  A kobold demonologist (D:13)
  6 komodo dragons
  4 rime drakes
  5 yaktaurs (D:13)
  A tengu conjurer (D:15)
  A queen bee (D:9)
  A jumping spider (Lair:5)
  A polar bear (Lair:2)
  2 wind drakes
  6 trolls
  19 merfolk
  3 tyrant leeches (Lair:6)
  A hornet (D:8)
  A polar bear (shapeshifter) (D:13)
  10 slime creatures
  9 snapping turtles
  45 blink frogs
  11 dream sheep
  10 hippogriffs
  A meliai zombie (D:15)
  3 shadows
  A vampire (D:11)
  3 redbacks (Lab)
  6 wraiths
  30 yaks
  3 fire elementals
  16 water elementals
  7 hogs
  A human (D:9)
  A fire bat (Lair:3)
  5 basilisks
  A hungry ghost (D:15)
  9 vampire mosquitoes
  26 nagas
  6 wargs
  Edmund (D:4)
  An acid dragon (D:13)
  20 soldier ants
  14 water moccasins
  7 hell hounds
  7 porcupines
  29 orc warriors
  An eye of draining (D:8)
  A phantom (D:7)
  3 black bears
  A slave (D:7)
  4 ice beasts
  3 sky beasts
  A hornet zombie (D:13)
  2 necrophages (D:13)
  12 ogres
  9 wolves
  9 centaurs
  13 crocodiles
  5 big kobolds
  28 bullfrogs
  A gnoll sergeant (D:6)
  A wyvern zombie (D:9)
  7 scorpions
  8 wights
  16 killer bees
  3 howler monkeys
  4 electric eels
  A lava snake (D:13)
  5 crimson imps
  A bullfrog zombie (D:12)
  31 orc priests
  10 centaur skeletons
  6 hounds
  4 gnoll shamans (D:6)
  13 jellies
  A bullfrog skeleton (D:4)
  3 iguanas
  34 orc wizards
  A hell rat (Lair:4)
  26 worker ants
  A hound zombie (D:5)
  A hound skeleton (D:4)
  33 gnolls
  A howler monkey zombie (D:5)
  4 river rats (Lair:4)
  16 adders
  2 shadow imps
  3 oozes
  An adder zombie (D:9)
  An adder skeleton (D:7)
  5 worms
  A dart slug (D:1)
  2 leopard geckos
  87 orcs
  A ball python (D:3)
  8 bats
  4 giant cockroaches
  11 goblins
  8 hobgoblins
  25 jackals
  4 quokkas
  6 frilled lizards
  A giant cockroach zombie (D:6)
  18 kobolds
  16 rats
  2 fungi (Lair:6)
  A plant (Lab)
  A spectral weapon (D:11)
  3 tentacles (Shoals:1)
1199 creatures vanquished.

Vanquished Creatures (collateral kills)
  A frost giant (Shoals:4)
  A cyclops (Shoals:3)
  A manticore (Shoals:4)
  A water nymph (Shoals:3)
  A bullfrog skeleton (D:4)
  2 gnolls
  2 goblins (D:2)
  A hobgoblin (D:2)
  A jackal (D:6)
11 creatures vanquished.

Vanquished Creatures (others)
  A merfolk aquamancer (Shoals:1)
  2 slaves (D:7)
  2 bullfrogs (D:7)
  2 killer bees (D:7)
  An orc priest (D:9)
  Robin (D:2)
  An adder (D:4)
  2 orcs
  13 bushes
  33 fungi
  149 plants
  63 spectral weapons
  17 tentacles (Shoals:1)
287 creatures vanquished.

Grand Total: 1497 creatures vanquished

Notes
Turn   | Place    | Note
-------+----------+-------------------------------------------
     0 | D:1      | Mesmaeker13 the Draconian Skald began the quest for the Orb.
     0 | D:1      | Reached XP level 1. HP: 17/17 MP: 3/3
   405 | D:1      | Reached XP level 2. HP: 25/25 MP: 5/5
  1021 | D:2      | Reached XP level 3. HP: 23/30 MP: 1/6
  1085 | D:2      | Noticed Robin
  1109 | D:2      | Your ally died
  1193 | D:2      | Reached skill level 3 in Fighting
  1243 | D:2      | Reached XP level 4. HP: 33/38 MP: 7/7
  1327 | D:2      | Found a stormy altar of Qazlal.
  2493 | D:3      | Learned a level 2 spell: Song of Slaying
  2752 | D:3      | Reached XP level 5. HP: 43/45 MP: 8/8
  2756 | D:3      | You fall through a shaft for 2 floors!
  2756 | D:5      | Entered Level 5 of the Dungeon
  2762 | D:5      | Noticed a sky beast
  2778 | D:5      | Gained mutation: You are agile. (Dex +2) [potion of mutation]
  2778 | D:5      | Gained mutation: You possess an exceptional clarity of mind. [potion of mutation]
  2779 | D:5      | HP: 2/45 [poisoned by a scorpion]
  3188 | D:5      | Noticed an ogre
  3240 | D:5      | Found an opulent altar of Gozag.
  3249 | D:5      | Reached XP level 6. HP: 42/52 MP: 9/9
  3378 | D:5      | Reached skill level 4 in Fighting
  3954 | D:4      | Noticed Grinder
  4278 | D:4      | Noticed Edmund
  4347 | D:4      | Learned a level 3 spell: Spectral Weapon
  4395 | D:4      | Killed Edmund
  4839 | D:4      | Your scales start taking on a rich purple colour.
  4839 | D:4      | Reached skill level 5 in Charms
  4839 | D:4      | Reached XP level 7. HP: 54/60 MP: 10/10
  5635 | D:3      | Paralysed by Grinder for 4 turns
  5855 | D:4      | Reached skill level 1 in Hexes
  5964 | D:4      | Reached skill level 1 in Shields
  5977 | D:4      | Reached skill level 5 in Fighting
  6358 | D:5      | Learned a level 2 spell: Shroud of Golubria
  6963 | D:5      | Found a bloodstained altar of Trog.
  7115 | D:5      | Found Piejaguth's Antique Armour Boutique.
  7341 | D:6      | Reached skill level 5 in Long Blades
  7341 | D:6      | Reached XP level 8. HP: 64/69 MP: 6/11
  8019 | D:6      | Found an iron altar of Okawaru.
  8165 | D:6      | Reached skill level 6 in Fighting
  9495 | D:6      | Reached XP level 9. HP: 78/78 MP: 12/12
  9850 | D:7      | Noticed Pikel
  9868 | D:7      | Killed Pikel
  9868 | D:7      | Reached skill level 7 in Fighting
  9868 | D:7      | Reached skill level 5 in Hexes
 10251 | D:7      | Reached skill level 5 in Shields
 10643 | D:7      | Found a staircase to the Ecumenical Temple.
 11701 | D:8      | Reached skill level 8 in Fighting
 11716 | D:8      | Found a staircase to the Lair.
 11724 | D:8      | Noticed a gargoyle
 11753 | Lair:1   | Entered Level 1 of the Lair of Beasts
 11753 | Lair:1   | Found a shimmering altar of Xom.
 11753 | Lair:1   | Noticed a black mamba
 12059 | D:7      | Reached skill level 1 in Translocations
 12356 | D:8      | Learned a level 3 spell: Confuse
 12433 | D:8      | Reached XP level 10. HP: 52/88 MP: 3/13
 12760 | D:8      | Killed a gargoyle
 13517 | D:9      | Found Jazetau's Food Shoppe.
 13755 | D:9      | Found Koiffub's Magic Scroll Emporium.
 13757 | D:9      | Noticed Psyche
 13770 | D:9      | Noticed Joseph
 13778 | D:9      | Paralysed by Psyche for 2 turns
 13798 | D:9      | Killed Psyche
 14125 | D:9      | Noticed a two-headed ogre
 14137 | D:9      | Killed a two-headed ogre
 14137 | D:9      | Reached skill level 5 in Dodging
 14424 | D:9      | Bought a scroll of identify for 32 gold pieces
 14587 | D:9      | Found Leemukk's Antique Armour Shop.
 14768 | D:9      | Killed Joseph
 14859 | D:9      | Found Lineh's Book Boutique.
 15611 | D:10     | Entered Level 10 of the Dungeon
 15967 | D:10     | Reached XP level 11. HP: 89/94 MP: 9/14
 16342 | D:11     | Reached skill level 5 in Translocations
 17300 | Temple   | Entered the Ecumenical Temple
 17543 | Temple   | Became a worshipper of Ashenzari the Shackled
 17812 | D:11     | Noticed Harold
 17830 | D:11     | Noticed a two-headed ogre
 18599 | D:11     | Killed a two-headed ogre
 19534 | D:11     | Noticed Nergalle
 19565 | D:12     | Noticed a two-headed ogre
 20475 | Lair:1   | Reached skill level 5 in Spellcasting
 20481 | Lair:1   | Learned a level 3 spell: Regeneration
 20721 | Lair:1   | Reached * piety under Ashenzari
 20802 | Lair:1   | Reached skill level 1 in Necromancy
 21430 | Lair:2   | Reached skill level 10 in Long Blades
 21653 | Lair:2   | Reached XP level 12. HP: 43/103 MP: 7/19
 21696 | Lair:2   | Noticed Urug
 22021 | Lair:2   | Killed Urug
 22085 | Lair:2   | Noticed Erica
 22357 | Lair:2   | Killed Erica
 22485 | Lair:2   | Reached ** piety under Ashenzari
 22501 | Lair:2   | Reached skill level 9 in Fighting
 22814 | Lair:3   | Found a staircase to the Shoals.
 22836 | Lair:3   | Found a transporter.
 23398 | Lair:3   | Found a staircase to the Snake Pit.
 23521 | Lair:3   | Noticed a queen ant
 23677 | Lair:3   | Killed a queen ant
 24119 | Lair:3   | Noticed a five-headed hydra
 24131 | Lair:2   | Killed a one-headed hydra
 24131 | Lair:2   | Reached skill level 5 in Necromancy
 24418 | Lair:3   | Found a transporter.
 24583 | Lair:3   | Reached skill level 10 in Fighting
 25212 | Lair:4   | Noticed Josephine
 25249 | Lair:4   | Killed Josephine
 25249 | Lair:4   | Reached XP level 13. HP: 27/113 MP: 16/20
 27654 | Lair:5   | Reached *** piety under Ashenzari
 28391 | Lair:6   | Entered Level 6 of the Lair of Beasts
 28399 | Lair:6   | Reached skill level 11 in Fighting
 28666 | Lair:6   | Reached skill level 10 in Dodging
 28861 | Lair:6   | Found a glowing golden altar of the Shining One.
 29118 | Lair:6   | Noticed vatarom's ghost (journeyman DrTm)
 29167 | Lair:6   | Killed vatarom's ghost
 29868 | Lair:6   | Reached XP level 14. HP: 42/125 MP: 16/22
 31266 | Lair:6   | Reached skill level 12 in Fighting
 31589 | Lair:6   | Noticed Kirke
 31845 | Lair:6   | Found a staircase to the Slime Pits.
 32228 | Lair:6   | Killed Kirke
 32517 | Lair:1   | Learned a level 3 spell: Tukima's Dance
 32765 | D:11     | Killed Nergalle
 32999 | D:11     | Reached **** piety under Ashenzari
 33166 | D:11     | Killed Harold
 34004 | D:12     | Found a staircase to the Orcish Mines.
 34203 | D:13     | Found a labyrinth entrance.
 34212 | Lab      | Entered a labyrinth
 34624 | D:13     | Noticed Erolcha
 34639 | D:13     | Killed Erolcha
 35399 | D:13     | Reached skill level 13 in Fighting
 35646 | D:13     | Reached skill level 10 in Charms
 35665 | D:13     | Reached XP level 15. HP: 128/135 MP: 22/26
 36393 | D:13     | Found a gate to the Vaults.
 36612 | Orc:1    | Entered Level 1 of the Orcish Mines
 37510 | Orc:1    | Found a transporter.
 37699 | Orc:2    | Entered Level 2 of the Orcish Mines
 38022 | Orc:2    | Noticed Rupert
 38039 | Orc:2    | Killed Rupert
 38039 | Orc:2    | Reached skill level 1 in Throwing
 38063 | Orc:2    | Reached ***** piety under Ashenzari
 38068 | Orc:2    | Found a staircase to the Elven Halls.
 38788 | Orc:2    | Noticed Nessos
 38862 | Orc:2    | Killed Nessos
 39075 | Orc:2    | Noticed an orc warlord
 39111 | Orc:2    | Paralysed by an orc sorcerer for 6 turns
 39120 | Orc:2    | Gained mutation: Your magical capacity is low. (-10% MP) [a neqoxec]
 40108 | Orc:2    | Gained mutation: You are dopey. (Int -2) [a neqoxec]
 40165 | Orc:1    | Killed an orc warlord
 40600 | Orc:2    | Noticed Azrael
 41096 | Orc:2    | Killed Azrael
 41422 | Orc:2    | Found Yczas's General Store.
 41423 | Orc:2    | Found Vanuoq's Book Boutique.
 41424 | Orc:2    | Found Daneneus's Antique Armour Shop.
 41424 | Orc:2    | Found Misesk's Antique Weapon Shop.
 41875 | D:9      | Bought a scroll of teleportation for 48 gold pieces
 41875 | D:9      | Bought a scroll of teleportation for 48 gold pieces
 41875 | D:9      | Bought a scroll of acquirement for 832 gold pieces
 41880 | D:9      | Got the cursed double sword of Fate {vamp, rElec Str-5 Dex+2 Stlth+}
 41883 | D:9      | Bought a scroll of identify for 32 gold pieces
 41884 | D:9      | Identified the cursed +6 double sword of Fate {vamp, rElec Str-5 Dex+2 Stlth+} (You acquired it on level 9 of the Dungeon)
 42653 | D:14     | Found a shadowy altar of Dithmenos.
 42816 | D:14     | Found Pocy's Serpentskin Sales.
 42931 | D:14     | Reached skill level 14 in Fighting
 43022 | D:14     | Learned a level 4 spell: Summon Lightning Spire
 43058 | D:15     | Entered Level 15 of the Dungeon
 43241 | D:15     | Reached skill level 1 in Air Magic
 43293 | D:15     | Identified the +8 falchion of Amorality {drain, rN+}
 43406 | D:15     | Reached XP level 16. HP: 135/146 MP: 24/24
 44210 | D:15     | Noticed Roxanne
 44583 | D:15     | Found a staircase to the Depths.
 44932 | Orc:2    | Bought a glowing cloak for 247 gold pieces
 45079 | D:9      | Bought a book of Necromancy for 480 gold pieces
 45085 | D:9      | Learned a level 4 spell: Animate Dead
 46047 | Snake:1  | Entered Level 1 of the Snake Pit
 46659 | Snake:1  | Noticed Aizul
 46688 | Snake:1  | Killed Aizul
 47500 | Snake:2  | Reached skill level 15 in Fighting
 48841 | Snake:3  | Reached skill level 10 in Shields
 49116 | Snake:3  | Reached XP level 17. HP: 141/156 MP: 25/25
 49906 | Snake:3  | Identified the cursed amulet "Owiad" {Gourm rElec Dex+4} (You acquired it on level 3 of the Snake Pit)
 49918 | Snake:4  | Entered Level 4 of the Snake Pit
 49963 | Snake:4  | Found Witwal's Jewellery Boutique.
 49967 | Snake:4  | Found Huecry's Gadget Shoppe.
 49968 | Snake:4  | Found Suuwun's Jewellery Boutique.
 50312 | Snake:4  | Found Qeuruxzome's Armour Boutique.
 51138 | Snake:4  | Reached skill level 15 in Long Blades
 51988 | Snake:4  | Reached skill level 16 in Fighting
 52158 | Snake:4  | Got a serpentine rune of Zot
 52559 | Shoals:1 | Entered Level 1 of the Shoals
 52611 | Lair:3   | HP: 10/237 [drowned by a water elemental (6)]
 53247 | Shoals:1 | Noticed a kraken
 53334 | Shoals:1 | Killed a kraken
 53582 | Shoals:1 | Reached XP level 18. HP: 166/166 MP: 26/26
 54507 | Shoals:2 | Found Agrolipt's Food Shop.
 54609 | Shoals:2 | Reached skill level 10 in Necromancy
 54996 | Shoals:2 | Reached skill level 1 in Summonings
 55972 | Shoals:4 | Entered Level 4 of the Shoals
 56288 | Shoals:4 | HP: 4/168 [merfolk impaler/demon trident of freezing (31)]
 56288 | Shoals:4 | Slain by a merfolk impaler

Skill      XL: |  1  2  3  4  5  6  7  8  9 10 11 12 13 14 15 16 17 18 |
---------------+-------------------------------------------------------+-----
Charms         | 3 5 7 9 10 | 10.3
Fighting       | 3 4 5 6 8 10 11 13 14 15 16 | 16.5
Long Blades    | 3 4 5 6 7 8 10 11 12 13 14 15 | 15.8
Dodging        | 3 4 6 7 9 10 11 12 13 | 13.0
Hexes          | 2 4 6 7 |  7.0
Shields        | 2 4 5 6 10 12 | 12.6
Translocations | 1 4 5 |  5.0
Spellcasting   | 5 7 |  7.3
Necromancy     | 2 5 7 8 9 10 | 10.0
Throwing       | 3 |  3.3
Air Magic      | 2 3 |  3.8
Summonings     | 2 |  2.8

Action                   |  1- 3 |  4- 6 |  7- 9 | 10-12 | 13-15 | 16-18 || total
-------------------------+-------+-------+-------+-------+-------+-------++-------
Melee: Falchion          |    93 |   216 |   579 |   742 |       |       ||  1630
       Tailslap          |     8 |    33 |    88 |   181 |   279 |   346 ||   935
       Scimitar          |       |       |       |   251 |  1434 |       ||  1685
       Long sword        |       |       |       |    23 |       |       ||    23
       Double sword      |       |       |       |       |   150 |  1768 ||  1918
Throw: Javelin           |       |       |       |     5 |       |       ||     5
 Cast: Infusion          |     6 |    16 |    21 |    12 |     1 |       ||    56
       Spectral Weapon   |       |     1 |    42 |    95 |   143 |    38 ||   319
       Shroud of Golubri |       |       |     9 |    38 |    90 |    46 ||   183
       Song of Slaying   |       |       |     1 |     2 |     3 |       ||     6
       Confuse           |       |       |       |    13 |     1 |       ||    14
       Regeneration      |       |       |       |    12 |    50 |    42 ||   104
       Animate Dead      |       |       |       |       |       |     7 ||     7
Invok: Curse Item        |       |       |       |     3 |       |     3 ||     6
 Abil: Breathe Dispellin |       |       |     3 |     2 |     1 |     6 ||    12
Evoke: Wand              |     1 |     6 |     7 |    14 |    16 |     5 ||    49
       Fan of gales      |       |       |       |       |     1 |       ||     1
  Use: Scroll            |     2 |     5 |     9 |    14 |    24 |    12 ||    66
       Potion            |       |     5 |       |     4 |     8 |     5 ||    22
 Stab: Sleeping          |     1 |       |       |     1 |     2 |    10 ||    14
       Invisible         |       |     3 |       |       |       |       ||     3
       Distracted        |       |       |     3 |    13 |    14 |    13 ||    43
       Confused          |       |       |       |     6 |     1 |       ||     7
  Eat: Chunk             |     1 |     8 |    20 |    32 |    48 |    47 ||   156
       Ration            |       |     1 |     4 |     7 |     9 |     4 ||    25
Armor: Skin              |    33 |    67 |   185 |   219 |   309 |   264 ||  1077
Dodge: Dodged            |    75 |   157 |   336 |   557 |   957 |  1162 ||  3244
       Deflected         |       |       |       |       |       |    10 ||    10
Block: Buckler           |       |       |   122 |   193 |   336 |    55 ||   706
       Shield            |       |       |       |       |       |   969 ||   969
       Rpst.: Falchion   |    25 |    55 |   106 |   105 |       |       ||   291
       Scimitar          |       |       |       |    42 |   239 |       ||   281
       Long sword        |       |       |       |     1 |       |       ||     1
       Double sword      |       |       |       |       |    22 |   248 ||   270
